 Seeded DCSS version 0.30-a0-857-gcaf70739d4 (webtiles) character file.

Game seed: 6433510216138347027 (custom seed)

86 IndexError the Shooter (level 4, 28/28 HPs)
             Began as a Gargoyle Hunter on Mar 5, 2023.
             Quit the game on level 3 of the Dungeon.
             The game lasted 00:02:10 (1727 turns).

IndexError the Shooter (Gargoyle Hunter)            Turns: 1727, Time: 00:02:10

Health: 28/28      AC:  6    Str: 14    XL:     4   Next: 50%
Magic:  4/4        EV: 11    Int: 10    God:
Gold:   174        SH:  0    Dex: 15    Spells: 3/3 levels left

rFire   . . .      SeeInvis .    a - +0 shortbow
rCold   . . .      Faith    .    (shield currently unavailable)
rNeg    + . .      Spirit   .    c - +0 leather armour
rPois   ∞          Reflect  .    (no helmet)
rElec   +          Rampage  .    (no cloak)
rCorr   .                        (no gloves)
Will    .....                    (no boots)
Stlth   ++                       (no amulet)
HPRegen 0.24/turn                (no ring)
MPRegen 0.09/turn                (no ring)

@: no status effects
A: sickness immunity, AC +3, negative energy resistance 1, electricity
resistance, torment resistance 1, petrification resistance
a: no special abilities


You were on level 3 of the Dungeon.
You visited 1 branch of the dungeon, and saw 3 of its levels.

You collected 174 gold pieces.

Inventory:

Hand Weapons
 a - a +0 shortbow (weapon)
Missiles
 i - 4 atropa-tipped darts
Armour
 c - a +0 leather armour (worn)
Scrolls
 b - 2 scrolls of immolation {!r}
 d - a scroll of vulnerability {unknown}
 f - a scroll of noise {unknown}
 h - 2 scrolls of enchant weapon {unknown}
 j - a scroll of identify {unknown}
 k - a scroll of fear {unknown}
 l - a scroll of butterflies {unknown}
 m - a scroll of enchant armour {unknown}
 p - a scroll of brand weapon {unknown}
 s - a scroll of blinking {unknown}
Potions
 e - 2 potions of might {unknown}
 g - 3 potions of degeneration {unknown}
 n - 2 potions of heal wounds {unknown}
 o - a potion of brilliance {unknown}
 q - a potion of magic {unknown}
 r - a potion of flight {unknown}
 t - a potion of attraction {unknown}
 u - a potion of curing {unknown}


   Skills:
 + Level 3.3 Fighting
 * Level 5.3 Ranged Weapons
 - Level 1.5 Dodging
 - Level 1.1 Stealth


You had 3 spell levels left.
You didn't know any spells.
Your spell library contained the following spells:

 Spells                   Type           Power      Damage    Failure   Level
 Blink                    Tloc           0%         N/A       58%         2
 Lesser Beckoning         Tloc           0%         N/A       58%         2
 Momentum Strike          Conj/Tloc      0%         3d8       58%         2
 Poisonous Vapours        Pois/Air       0%         N/A       58%         2
 Ignite Poison            Fire/Tmut/Pois 0%         N/A       82%         3
 Olgreb's Toxic Radiance  Pois           0%         N/A       99%         4


Dungeon Overview and Level Annotations

Branches:
Dungeon (3/15)

Altars:
Dithmenos

Shops:
D:3 *


Innate Abilities, Weirdness & Mutations

You are immune to sickness and miasma.
Your stone body is resilient. (AC +3)
You are immune to poison.
You resist negative energy. (rN+)
You are resistant to electric shocks. (rElec)
You are resistant to unholy torment.
You are immune to petrification.


Message History

The arrow hits the orc.
You shoot an arrow. The arrow hits the orc!
No target in view!
No target in view!
HP restored.
Items here: ( ))) [ ††††.
Things that are here:
a +0 club; an orc corpse
There is an entrance to Ukiraco's Assorted Antiques here.
Health restored: 28 A bat comes into view.
You see here 12 gold pieces.
A bat is nearby!
You shoot an arrow. The arrow misses the bat.
You shoot an arrow. The arrow hits the bat!
No target in view!
No target in view!
You now have 121 gold pieces (gained 12).
You see here a +0 whip.
You now have 130 gold pieces (gained 9).
You now have 139 gold pieces (gained 9).
g - 3 silvery potions (gained 1)
s - a scroll labelled QYIJIHIAREDD A bat comes into view.
Found an escape hatch in the ceiling.
A bat is nearby!
You shoot an arrow. The arrow hits the bat.
You shoot an arrow. The arrow hits the bat!
No target in view!
No target in view!
You see here a bat corpse.
You now have 146 gold pieces (gained 7).
A bat comes into view.
A bat is nearby!
You shoot an arrow. The arrow barely misses the bat.
You shoot an arrow. The arrow misses the bat.
The bat hits you.
You take 1 damage, and have 27/28 hp.
No target in view!
No target in view!
The bat closely misses you.
A bat is nearby!
Health restored: 28 A bat is nearby!
You shoot an arrow. The arrow misses the bat.
The bat barely misses you.
No target in view!
No target in view!
No target in view!
The bat hits you but does no damage.
You shoot an arrow. The arrow hits the bat.
No target in view!
No target in view!
A goblin comes into view. It is wielding a +0 club.
A goblin is nearby!
You shoot an arrow. The arrow hits the goblin.
The goblin shouts!
You shoot an arrow. The arrow hits the goblin!
No target in view!
No target in view!
Found an escape hatch in the floor.
You now have 161 gold pieces (gained 15).
You see here a +0 robe.
There is an escape hatch in the floor here.
A kobold comes into view. It is wielding a +0 short sword.
You shoot an arrow. The arrow hits the kobold.
No target in view!
No target in view!
No target in view!
You see here a +0 short sword.
You see here a +0 short sword.
A dart slug comes into view.
A dart slug is nearby!
You shoot an arrow.
The arrow hits the dart slug but does no damage.
You shoot an arrow. The arrow hits the dart slug.
You shoot an arrow. The arrow hits the dart slug!
The dart slug launches a dart at you. The slug dart hits you.
You take 3 damage, and have 25/28 hp.
You shoot an arrow. The arrow hits the dart slug.
No target in view!
t - a fuming orange potion Health restored: 28 You see here a dart slug corpse.
You now have 174 gold pieces (gained 13).
u - a brown potion
Found a stone staircase leading down.
There is a stone staircase leading up here.
There is a stone staircase leading up here.
There is a stone staircase leading up here.
There is a stone staircase leading up here.
Found a stone staircase leading down.
There is a stone staircase leading down here.
Done exploring.
Done exploring.
Done exploring.
Done exploring.
Done exploring.
Search for what [? for help]? arte Can't find anything matching that.
Are you sure you want to abandon this character and quit the game? (Confirm with "yes".)

#.......# #.......# #.......#
###....<..# ########
#......)..# #......#
##.#.......# #......#
###..#.......# ######......#
.(..##.......###...........#
####............@####......#
#....##.########## ###..###
..#####.# #### #..## .## #.#
#..# ###.## .# #.# #..##
###...###### .## #.#
##..###..........## ..## #.#
#....#)..)........## #..# #.#
#..................#
##.####.####..#...#...........#


There were no monsters in sight!

Vanquished Creatures
  An adder (D:3)
  3 dart slugs
  6 orcs (D:3)
  5 ball pythons
  8 bats
  An endoplasm (D:2)
  A giant cockroach (D:2)
  10 goblins
  6 hobgoblins
  2 jackals (D:2)
  2 quokkas
  A frilled lizard (D:1)
  6 kobolds
  5 rats
57 creatures vanquished.

Vanquished Creatures (others)
  3 plants (D:2)
3 creatures vanquished.

Grand Total: 60 creatures vanquished

Notes
Turn   | Place    | Note
-------+----------+-------------------------------------------
     0 | D:1      | IndexError the Gargoyle Hunter began the quest for the Orb.
     0 | D:1      | Reached XP level 1. HP: 12/12 MP: 1/1
   137 | D:1      | Reached XP level 2. HP: 18/18 MP: 2/2
   343 | D:1      | Reached XP level 3. HP: 17/22 MP: 3/3
   589 | D:2      | Got the Parchment of Toxicity
   765 | D:2      | Reached skill level 3 in Fighting
   768 | D:2      | Found a shadowy altar of Dithmenos.
  1326 | D:3      | Reached skill level 5 in Ranged Weapons
  1343 | D:3      | Found Ukiraco's Assorted Antiques.
  1351 | D:3      | Reached XP level 4. HP: 28/28 MP: 4/4
  1727 | D:3      | Quit the game

Illustrated notes

Levels and vault maps discovered:
D:1:      grunt_arrival_lava_bath, layout_rooms, chequers_serial_rivers_room_b
D:2:      layout_basic, basic_altar, serial_bayou_lagoon_a
D:3:      layout_rooms, serial_shops, nicolae_shop_advertising_works
          [nicolae_subvault_shop_adworks]

Skill      XL: |  1  2  3 |
---------------+----------+-----
Fighting       | 3 |  3.3
Ranged Weapons | 5 |  5.3
Dodging        | |  1.5
Stealth        | |  1.1

Action                     |  1- 3 |  4- 6 || total
---------------------------+-------+-------++-------
   Fire: Shortbow          |   118 |    30 ||   148
 Armour: Leather armour    |    26 |     7 ||    33
  Dodge: Dodged            |    38 |     8 ||    46

Table legend: (Time is in decaauts)
 A = Elapsed time spent in this place.
 B = Non-inter-level travel time spent in this place.
 C = Inter-level travel time spent in this place.
 D = Time resting spent in this place.
 E = Time spent auto-exploring this place.
 F = Levels seen in this place.
 G = Mean time per level.
                   A        B        C        D        E       F      G
               +--------+--------+--------+--------+--------+-----+--------+
         Total |   1791 |   1641 |    150 |      0 |   1358 |   3 |  597.0 |
       Dungeon |   1791 |   1641 |    150 |      0 |   1358 |   3 |  597.0 |
               +--------+--------+--------+--------+--------+-----+--------+

Top non-repeatable levels by time:
     D:2: 778 daAuts
     D:1: 535 daAuts
     D:3: 476 daAuts

Table legend:
 A = Kills in this place as a percentage of kills in the entire game.
 B = Kills by you in this place as a percentage of kills by you in the entire game.
 C = Kills by friends in this place as a percentage of kills by friends in the entire game.
 D = Other kills in this place as a percentage of other kills in the entire game.
 E = Experience gained in this place as a percentage of experience gained in the entire game.
 F = Experience gained in this place divided by the number of levels of this place that you have seen.
                   A       B       C       D       E      F
               +-------+-------+-------+-------+-------+----------------------
         Total | 100.0 | 100.0 |   N/A |   N/A | 100.0 |  41.3
       Dungeon | 100.0 | 100.0 |   N/A |   N/A | 100.0 |  41.3
               +-------+-------+-------+-------+-------+----------------------
